Map: Heavy Artillery LE

Players

Jmac - Winner!

  • Race: Zerg Zerg
  • Spawn Location: 7:00

Larchange - Winner!

  • Race: Terran Terran
  • League: Platinum
  • Spawn Location: 7:00

qqq

  • Race: Zerg Zerg
  • Spawn Location: 3:00

Massa

  • Race: Terran Terran
  • League: Platinum
  • Spawn Location: 1:00

VOD

Have the link to the VOD?

Description

Time

  • Played on: Oct. 4, 2020, 3:22 p.m.
  • Length: 11:17
Show
View Real Time Build Order
Export as new Build Order

Jmac Zerg - Winner!

Build Orders: Hatch First 

Get SALT Encoding   

  12  0:01  Drone  
  13  0:17  Drone  
  14  0:23  Overlord  
  14  0:41  Drone x2  
  16  0:53  Hatchery  
  16  0:54  Drone  
  16  0:59  Drone  
  17  1:04  Drone  
  18  1:12  Extractor  
  17  1:19  Drone, Spawning Pool  
  17  1:25  Drone  
  18  1:37  Drone  
  19  1:56  Overlord  
  19  1:58  Drone  
  20  2:09  Drone x2  
  20  2:11  Queen x2  
  26  2:18  Zergling x2  
  26  2:20  Zergling x2  
  28  2:27  Drone  
  28  2:28  Drone  
  30  2:41  Zergling x2  
  30  2:42  Zergling x2  
  32  2:55  Metabolic Boost  
  32  2:58  Overlord x2  
  31  3:10  Spine Crawler  
  31  3:12  Zergling x6  
  32  3:24  Drone x7  
  40  3:33  Drone x2  
  41  3:50  Drone x4  
  45  4:02  Queen  
  45  4:03  Queen  
  45  4:08  Roach Warren  
  48  4:10  Evolution Chamber  
  48  4:12  Overlord x2  
  48  4:13  Hatchery, Drone x3  
  48  4:15  Evolution Chamber  
  48  4:28  Spore Crawler  
  48  4:30  Spore Crawler  
  46  4:35  Overlord  
  46  4:45  Zerg Missile Weapons Level 1, Zerg Ground Armor Level 1  
  46  4:48  Drone  
  47  4:58  Drone x3  
  50  5:01  Extractor  
  50  5:02  Extractor  
  50  5:06  Hatchery  
  47  5:10  Zergling x14  
  54  5:24  Lair  
  54  5:37  Zergling x4, Roach  
  54  5:38  Roach x3  
  62  5:52  Drone x11  
  68  6:31  Roach  
  68  6:32  Roach x10  
  88  6:39  Glial Reconstitution  
  88  6:47  Overlord x3  
  88  6:48  Overlord  
  88  6:52  Zerg Missile Weapons Level 2  
  88  6:56  Overlord x3  
  88  7:09  Hydralisk Den  
  88  7:10  Queen  
  88  7:11  Roach  
  88  7:12  Roach x4  
  99  7:22  Roach x4  
  99  7:28  Drone x7  
  99  7:29  Drone  
  106  7:33  Drone x2  
  107  7:41  Drone x2  
  107  7:42  Drone x3  
  112  7:47  Drone x3  
  115  7:51  Overseer  
  115  7:52  Overseer x3  
  115  8:10  Grooved Spines, Hydralisk  
  115  8:11  Hydralisk  
  119  8:14  Drone x9  
  119  8:15  Drone  
  119  8:17  Extractor  
  119  8:19  Extractor  
  127  8:23  Spine Crawler  
  127  8:25  Spine Crawler  
  125  8:31  Drone, Spine Crawler  
  125  8:40  Hydralisk  
  125  8:41  Hydralisk x4  
  127  8:43  Overlord  
  135  8:52  Extractor  
  134  8:59  Hydralisk  
  134  9:00  Hydralisk x3  
  142  9:14  Hydralisk x4  
  142  9:15  Hydralisk  
  152  9:19  Hatchery  
  151  9:29  Lurker Den  
  150  9:40  Hydralisk  
  150  9:42  Overlord  
  150  9:43  Overlord x3  
  152  9:53  Overlord x2  
  152  9:54  Overlord x2  
  152  10:07  Roach x14  
  154  10:08  Roach  
  176  10:15  Roach  
  176  10:16  Roach x3  
  176  10:19  Roach  
  164  10:26  Roach  
  164  10:27  Roach x3  
  166  10:34  Roach  
  166  10:35  Roach x3  
  168  10:43  Roach  
  168  10:44  Roach x3  
  168  10:48  Hydralisk  
  168  10:49  Hydralisk  
Show
View Real Time Build Order
Export as new Build Order

Larchange Terran - Winner!

Build Orders: Reaper Expand, Hellion Banshee 

Get SALT Encoding   

  12  0:00  SCV  
  13  0:12  SCV  
  14  0:18  Supply Depot  
  14  0:24  SCV  
  15  0:39  SCV  
  15  0:40  Barracks  
  16  0:44  Refinery  
  16  0:51  SCV  
  17  1:08  SCV  
  18  1:20  SCV  
  19  1:30  Reaper  
  20  1:33  Orbital Command  
  20  1:42  Command Center  
  20  1:59  Supply Depot  
  20  2:02  SCV, Marine  
  22  2:14  Refinery  
  22  2:15  SCV, Factory  
  23  2:33  Barracks Reactor, SCV  
  24  2:45  SCV  
  25  2:58  SCV  
  26  3:04  Starport  
  26  3:19  Hellion  
  29  3:20  Hellion  
  29  3:23  SCV  
  29  3:26  Orbital Command  
  29  3:41  Hellion x2  
  33  3:59  SCV x2  
  35  4:04  Starport Tech Lab  
  35  4:07  Supply Depot  
  35  4:11  SCV x2  
  35  4:12  Hellion x2  
  41  4:21  Barracks Tech Lab  
  41  4:26  Banshee  
  44  4:32  Cloaking Field  
  44  4:33  SCV x2  
  46  4:46  Command Center  
  46  4:50  Hellion  
  50  4:53  SCV  
  50  4:56  SCV  
  52  5:09  Supply Depot  
  52  5:10  Supply Depot  
  52  5:13  Banshee  
  53  5:20  SCV  
  54  5:22  SCV, Hellion  
  54  5:25  Hellion  
  59  5:36  Refinery x2, Marauder  
  59  5:37  SCV x2  
  63  5:44  Hellion  
  63  5:46  Hellion  
  63  5:49  SCV x2  
  69  5:51  Hyperflight Rotors  
  69  6:05  Hellion  
  69  6:08  Hellion  
  69  6:10  SCV x2  
  75  6:12  Banshee  
  64  6:31  Hellion x2  
  63  6:45  Starport  
  63  6:46  Starport, SCV x2  
  63  6:47  Armory x2, Engineering Bay  
  66  6:54  Banshee, Supply Depot  
  66  6:55  Orbital Command  
  68  7:16  SCV x2  
  68  7:17  Hellion x2  
  74  7:23  Fusion Core  
  74  7:33  SCV x3  
  74  7:35  Starport Tech Lab x2  
  75  7:43  Supply Depot x3  
  75  7:44  Missile Turret x2  
  75  7:51  SCV x3  
  82  7:58  Hellion x2  
  82  8:00  Banshee  
  82  8:02  Banshee  
  82  8:03  SCV x3  
  91  8:13  Refinery  
  91  8:15  Refinery, SCV x3  
  91  8:19  Supply Depot  
  94  8:22  Supply Depot  
  94  8:27  Factory  
  94  8:29  Banshee  
  94  8:31  SCV  
  94  8:32  SCV x2  
  100  8:51  Hellion x2, Command Center  
  100  8:52  Banshee x2  
  96  9:20  Hellion  
  96  9:21  Hellion  
  92  9:43  Battlecruiser x2  
  101  10:01  Hellion x2  
  101  10:03  Battlecruiser  
  111  10:08  Factory Tech Lab  
  111  10:13  Factory x2  
  111  10:16  SCV x3  
  114  10:25  Command Center  
  114  10:28  SCV  
  115  10:34  Siege Tank  
  115  10:35  Hellion x2  
Show
View Real Time Build Order
Export as new Build Order

qqq Zerg 

Build Orders: Hatch First 

Get SALT Encoding   

  12  0:05  Drone  
  13  0:12  Drone  
  14  0:35  Hatchery  
  13  0:39  Drone  
  14  0:57  Spawning Pool  
  13  1:07  Overlord  
  13  1:08  Drone  
  13  1:10  Extractor  
  13  1:14  Drone  
  14  1:25  Drone  
  15  1:30  Drone  
  16  1:50  Drone x2  
  16  1:51  Drone  
  19  2:09  Drone x2  
  21  2:20  Drone x2  
  21  2:21  Drone  
  23  2:25  Metabolic Boost  
  23  2:29  Zergling x2  
  24  2:32  Queen  
  24  2:33  Queen  
  24  2:36  Overlord  
  28  2:44  Overlord  
  28  2:51  Overlord  
  28  3:05  Drone x3, Zergling x2  
  32  3:21  Lair  
  32  3:23  Zergling x2  
  32  3:26  Hatchery, Zergling x2  
  33  3:28  Drone  
  34  3:40  Zergling x4  
  36  3:42  Drone x2  
  38  3:51  Zergling x6  
  38  3:53  Drone x3  
  44  4:02  Drone  
  45  4:03  Roach Warren  
  45  4:04  Drone  
  45  4:06  Zergling x2  
  46  4:24  Zergling x2  
  46  4:25  Drone  
  46  4:26  Drone  
  46  4:27  Zergling x2  
  50  4:38  Spore Crawler  
  50  4:39  Drone x2, Zergling x2, Spore Crawler  
  50  4:40  Drone  
  50  4:41  Drone x3  
  55  4:50  Roach  
  55  4:51  Glial Reconstitution  
  57  4:54  Overlord x2  
  57  4:59  Infestation Pit  
  56  5:03  Drone x2  
  56  5:04  Evolution Chamber  
  56  5:07  Extractor, Queen  
  57  5:10  Extractor, Drone  
  57  5:11  Extractor, Drone  
  57  5:12  Drone x2  
  60  5:15  Zergling x4  
  62  5:29  Roach  
  62  5:30  Drone, Roach  
  62  5:31  Drone x3  
  68  5:47  Roach x2  
  68  5:48  Drone  
  73  6:02  Roach  
  73  6:04  Overlord  
  73  6:05  Overlord  
  73  6:06  Overlord x6  
  73  6:10  Neural Parasite  
  73  6:22  Overlord x2  
  74  6:25  Drone x2  
  74  6:31  Drone x3  
  78  6:42  Infestor  
  78  6:43  Hydralisk Den  
  79  6:52  Roach  
  79  6:53  Zergling x6  
  84  6:54  Drone  
  84  6:55  Drone x3  
  72  7:36  Infestor  
  66  7:37  Infestor  
  66  7:38  Hydralisk x6  
  66  7:40  Zergling x6  
  66  7:41  Drone x4  
  87  7:44  Extractor  
  87  7:46  Extractor  
  85  7:51  Zerg Missile Weapons Level 1  
  85  8:01  Burrow  
  85  8:13  Drone x3  
  85  8:18  Drone x3  
  91  8:20  Hatchery, Roach x4  
  91  8:21  Roach x5  
  108  8:28  Pathogen Glands  
  108  8:31  Zergling x2  
  108  8:32  Drone  
  110  8:35  Hatchery  
  109  8:43  Pneumatized Carapace  
  109  8:45  Overseer  
  109  8:54  Muscular Augments  
  109  8:55  Hydralisk x2  
  111  8:57  Zergling x2, Roach  
  111  8:58  Roach  
  107  9:48  Infestor x2  
  107  9:49  Roach x3  
  107  9:50  Roach x5  
  107  9:51  Roach x3  
  133  10:02  Hydralisk  
  133  10:03  Hydralisk  
  133  10:04  Drone x3  
  133  10:05  Grooved Spines  
  138  10:17  Roach x2  
  117  10:35  Roach x2  
  117  10:36  Drone, Roach x2  
  117  10:37  Drone, Roach x6  
  117  10:38  Roach  
  107  11:08  Hatchery, Spore Crawler  
  107  11:09  Spore Crawler  
Show
View Real Time Build Order
Export as new Build Order

Massa Terran 

Build Orders:  

Get SALT Encoding   

  12  0:00  SCV  
  13  0:12  SCV  
  14  0:23  Supply Depot  
  14  0:26  Refinery  
  14  0:27  SCV  
  15  0:44  SCV  
  15  0:46  Barracks  
  16  0:57  SCV  
  17  1:09  SCV  
  18  1:11  Barracks  
  18  1:21  SCV  
  19  1:33  Reaper  
  19  1:36  Supply Depot  
  19  1:37  Orbital Command  
  20  1:59  Reaper  
  21  2:05  Reaper, SCV  
  23  2:25  Command Center  
  23  2:28  SCV  
  24  2:30  Marine  
  25  2:40  Marine  
  25  2:41  SCV  
  25  2:42  Factory  
  27  2:58  Barracks Tech Lab  
  26  3:41  Marauder, Marine  
  28  3:43  SCV x2  
  30  3:55  SCV x2  
  32  3:59  Marine  
  32  4:02  Supply Depot  
  35  4:03  Marauder, Factory Reactor  
  35  4:07  SCV  
  36  4:12  Orbital Command  
  36  4:17  Marine  
  36  4:19  SCV  
  36  4:22  Command Center  
  38  4:24  Supply Depot  
  38  4:26  Engineering Bay  
  38  4:31  SCV  
  38  4:34  Marine  
  40  4:42  Starport, SCV  
  40  4:43  SCV  
  42  4:48  Hellion x2  
  42  4:49  Supply Depot  
  46  4:54  SCV  
  46  4:55  Marauder  
  46  4:59  Marine  
  50  5:09  Hellion  
  50  5:10  Hellion  
  54  5:16  Marine  
  54  5:17  Marauder  
  57  5:42  Marauder, Marine  
  60  5:48  Widow Mine x2  
  63  5:50  SCV  
  63  5:51  SCV  
  63  5:53  Orbital Command  
  65  5:59  Refinery, Marine  
  65  6:02  Refinery, SCV  
  65  6:03  SCV, Marauder  
  69  6:05  Refinery, Missile Turret  
  69  6:17  Marine  
  61  6:27  Missile Turret  
  50  6:46  Missile Turret  
  50  6:48  Barracks Tech Lab  
  50  6:49  Marine  
  49  7:03  Widow Mine x2  
  49  7:05  Medivac  
  49  7:07  Marine  
  56  7:11  Barracks  
  56  7:14  Barracks  
  57  7:15  SCV x2, Barracks  
  57  7:16  SCV  
  59  7:25  Marine  
  59  7:27  SCV x2  
  59  7:28  SCV, Missile Turret  
  63  7:34  Sensor Tower  
  63  7:39  SCV  
  63  7:40  SCV x2  
  63  7:43  Viking  
  68  7:50  Terran Infantry Weapons Level 1, Missile Turret  
  68  7:52  SCV x3, Armory  
  68  7:55  Engineering Bay  
  71  8:03  Command Center  
  71  8:04  Barracks Tech Lab  
  71  8:09  Barracks Reactor  
  71  8:11  Barracks Reactor  
  71  8:13  Marauder  
  75  8:27  Barracks Reactor  
  75  8:28  Hellion x2  
  75  8:32  Stimpack  
  77  8:34  Marauder, Combat Shield  
  79  8:42  Engineering Bay, Terran Vehicle Weapons Level 1  
  79  8:49  Hellion x2  
  79  8:54  SCV x2  
  85  9:02  Marauder  
  85  9:06  SCV x2  
  85  9:14  Hellion  
  86  9:18  SCV x2  
  86  9:19  Orbital Command  
  83  9:47  Marauder x2  
  83  9:48  Marine x6  
  83  9:51  SCV x2  
  83  9:52  SCV x2  
  93  10:03  SCV x2  
  93  10:06  Marine x5  
  100  10:10  Marauder  
  100  10:11  Marauder  
  100  10:15  Orbital Command  
  100  10:16  Marine, Supply Depot x2  
  100  10:18  Supply Depot  
  100  10:19  Supply Depot  
  100  10:20  Supply Depot x2  
  99  10:23  Marine  
  99  10:24  Marine x4  
  89  10:32  Marauder x2  
  89  10:34  Marine  
  90  10:41  Marine  
  90  10:42  Marine x4  
  91  10:43  Hellion x2  
  91  10:49  Factory  
  95  10:51  Marine  
  95  10:53  Marauder  
  95  10:54  Marauder  
  99  11:02  Starport Tech Lab  
Tags
 
Add a new tag
Caveats
  • Supply blocks, unpowered buildings, or Contaminate may cause inaccurate times.
  • Supply counts are checked every 10 seconds.